 Dungeon Crawl Stone Soup version 0.24.1-8-ga250c9d538 (webtiles) character file.

Game seed: 1086870072480822027, levelgen mode: deterministic

191605 VLARC the Eclecticist (level 17, -2/111 HPs)
             Began as a Deep Elf Air Elementalist on May 9, 2020.
             Was a High Priest of Vehumet.
             Killed from afar by a spark wasp (11 damage)
             ... with a living lightning
             ... on level 1 of the Depths.
             The game lasted 02:33:40 (41687 turns).

VLARC the Eclecticist (Deep Elf Air Elementalist)  Turns: 41687, Time: 02:33:41

Health: -2/111     AC: 13    Str:  8    XL:     17   Next: 58%
Magic:  38/53      EV: 24    Int: 30    God:    Vehumet [*****.]
Gold:   3348       SH:  9    Dex: 15    Spells: 6/46 levels left

rFire    + . .     SeeInvis +   H - staff of power
rCold    + . .     Gourm    .   E - +0 buckler
rNeg     . . .     Faith    .   Q - +3 leather armour {rC+}
rPois    .         Spirit   .   Y - +2 hat {MR+}
rElec    .         Reflect  +   a - +1 cloak of Dijeumos {rCorr Int+2 SInv Stlth+}
rCorr    +         Harm     .   G - +0 pair of gloves {Str+3}
MR       ++...                  I - +0 pair of boots
Stlth    ++++++....             b - +4 amulet of reflection
HPRegen  0.28/turn              r - ring of protection from fire
MPRegen  0.33/turn              s - +5 ring of evasion

@: very slightly contaminated
A: no striking features
}: 1/15 runes: gossamer
a: Renounce Religion


You were on level 1 of the Depths.
You worshipped Vehumet.
Vehumet was extremely pleased with you.
You were not hungry.

You visited 6 branches of the dungeon, and saw 29 of its levels.
You also visited: Gauntlet and Ice Cave.

You collected 3702 gold pieces.
You spent 354 gold pieces at shops.

Inventory:

Hand Weapons
 D - the +7 lajatang of Order {silver, rMut}
   (You found it on level 8 of the Dungeon)

   It protects you from mutation.
Armour
 a - the +1 cloak of Dijeumos (worn) {rCorr Int+2 SInv Stlth+}
   (You found it in a Gauntlet)

   It affects your intelligence (+2).
   It lets you see invisible.
   It provides partial protection from all sources of acid and corrosion.
   It makes you more stealthy.
 E - a +0 buckler (worn)
 G - a +0 pair of gloves of strength (worn)
 I - a +0 pair of boots (worn)
 Q - a +3 leather armour of cold resistance (worn)
 Y - a +2 hat of magic resistance (worn)
Magical Staves
 g - an uncursed staff of cold
 H - an uncursed staff of power (weapon)
 U - an uncursed staff of earth
Jewellery
 b - a +4 amulet of reflection (around neck)
 p - a +3 ring of evasion
 r - a ring of protection from fire (left hand)
 s - a +5 ring of evasion (right hand)
 z - an uncursed ring of protection from cold
Wands
 h - a wand of polymorph (10)
 k - a wand of enslavement (5)
 o - a wand of iceblast (7)
 q - a wand of scattershot (6)
 w - a wand of clouds (10)
 K - a wand of flame (48)
 S - a wand of paralysis (12)
 X - a wand of acid (4)
Scrolls
 e - 4 scrolls of amnesia
 f - 7 scrolls of identify
 i - 11 scrolls of teleportation
 y - a scroll of silence
 B - 4 scrolls of fog
 L - 7 scrolls of remove curse
 V - 3 scrolls of magic mapping
Potions
 j - 12 potions of curing
 m - a potion of cancellation
 n - 4 potions of flight
 t - 2 potions of resistance
 u - 5 potions of might
 v - 7 potions of lignification
 x - 6 potions of heal wounds
 A - a potion of invisibility
 F - 2 potions of haste
 N - 5 potions of ambrosia
 Z - 3 potions of brilliance
Miscellaneous
 d - a box of beasts
 P - a lightning rod (4/4)
Comestibles
 c - 35 rations
 l - 4 chunks of flesh


   Skills:
 - Level 14.0 Fighting
 - Level 6.0 Armour
 + Level 11.5 Dodging
 + Level 13.4 Stealth
 - Level 4.0 Shields
 - Level 15.0 Spellcasting
 + Level 9.9 Conjurations
 - Level 4.1 Charms
 - Level 4.0 Necromancy
 - Level 8.0 Ice Magic
 + Level 9.7 Air Magic
 - Level 8.0 Poison Magic
 + Level 11.3 Evocations


You had 6 spell levels left.
You knew the following spells:

 Your Spells              Type           Power        Failure   Level  Hunger
a - Shock                 Conj/Air       ####         1%          1    None
b - Poisonous Vapours     Pois/Air       ######       1%          2    None
c - Airstrike             Air            ######....   1%          4    None
d - Lightning Bolt        Conj/Air       ######....   1%          5    None
e - Swiftness             Chrm/Air       ######..     1%          2    None
f - Mephitic Cloud        Conj/Pois/Air  ######..     1%          3    None
g - Olgreb's Toxic Radia  Pois           ######..     1%          4    None
h - Ignite Poison         Fire/Tmut/Pois #####...     1%          3    None
i - Animate Skeleton      Necr           N/A          1%          1    None
j - Regeneration          Chrm/Necr      #####.....   1%          3    None
k - Freezing Cloud        Conj/Ice/Air   ######....   2%          6    ###....
l - Conjure Ball Lightni  Conj/Air       ######....   2%          6    ###....

Your spell library contained the following spells:

 Spells                   Type           Power        Failure   Level  Hunger
 Chain Lightning          Conj/Air       ######....   58%         8    ######.
 Lehudib's Crystal Spear  Conj/Erth      ######....   99%         8    ######.
 Ignition                 Fire           ###.......   100%        8    ######.
 Freeze                   Ice            ####         1%          1    None
 Infusion                 Chrm           ####         1%          1    None
 Sandblast                Erth           ###...       1%          1    None
 Sting                    Conj/Pois      ####         1%          1    None
 Corpse Rot               Necr           N/A          1%          2    None
 Ensorcelled Hibernation  Hex/Ice        #####.       1%          2    None
 Shroud of Golubria       Chrm/Tloc      ####..       1%          2    None
 Song of Slaying          Chrm           #####...     1%          2    None
 Throw Frost              Conj/Ice       ######       1%          2    None
 Dazzling Spray           Conj/Hex       ######       1%          3    None
 Ozocubu's Armour         Chrm/Ice       ######..     1%          3    None
 Static Discharge         Conj/Air       ######..     1%          3    None
 Stone Arrow              Conj/Erth      ######       1%          3    None
 Throw Icicle             Conj/Ice       ######..     1%          4    None
 Iskenderun's Battlesphe  Conj/Chrm      ######..     1%          5    None
 Venom Bolt               Conj/Pois      ######....   1%          5    None
 Apportation              Tloc           ###...       2%          1    None
 Confusing Touch          Hex            ###...       2%          1    None
 Corona                   Hex            ###....      2%          1    None
 Summon Small Mammal      Summ           ###.         2%          1    None
 Spectral Weapon          Hex/Chrm       ####....     3%          3    None
 Summon Lightning Spire   Summ/Air       ######..     3%          4    None
 Summon Ice Beast         Ice/Summ       #####...     5%          4    None
 Bolt of Magma            Conj/Fire/Erth #####.....   5%          5    None
 Confuse                  Hex            ###.....     9%          3    None
 Tukima's Dance           Hex            ###.....     9%          3    None
 Silence                  Hex/Air        ######....   11%         5    None
 Iron Shot                Conj/Erth      ######....   16%         6    ###....
 Deflect Missiles         Chrm/Air       ######....   26%         6    ###....
 Leda's Liquefaction      Hex/Erth       ###.......   28%         4    None
 Petrify                  Tmut/Erth      ###.....     28%         4    None
 Summon Forest            Summ/Tloc      ###.......   61%         5    None
 Hydra Form               Tmut           ###.......   99%         6    ###....
 Orb of Destruction       Conj           ######....   11%         7    #####..
 Spellforged Servitor     Conj/Summ      ######....   58%         7    #####..
 Summon Hydra             Summ           ###.......   100%        7    #####..
 Tornado                  Air            ######....   100%        9    #######


Dungeon Overview and Level Annotations

Branches:
Dungeon (15/15)            Temple (1/1) D:7            Lair (6/6) D:8
 Shoals (0/4) Lair:4       Spider (4/4) Lair:3        Slime (0/5) Lair:6
    Orc (2/2) D:10            Elf (0/3) Orc:2        Vaults (0/5) D:14
 Depths (1/5) D:15          IceCv (visited)         Gauntlet (visited)

Altars:
Cheibriados
Dithmenos
Elyvilon
Fedhas
Gozag
Hepliaklqana
Kikubaaqudgha
Makhleb
Nemelex Xobeh
Okawaru
Qazlal
Sif Muna
Trog
Uskayaw
Vehumet
Wu Jian
Xom
Yredelemnul
Zin
The Shining One

Shops:
D:4 =   D:5 *   D:10 !   Orc:2 !::?

Portals:
Trove: D:15 (give 7 potions of agility)

Annotations:
Lair:3 exclusion: door
Lair:6 1 runed translucent door, Sassenached's ghost, journeyman DrWn


Message History

Confirm with . or Enter, or press ? or * to list all spells.
Aiming: Airstrike (safe; 1% risk of failure)
Press: ? - help, Dir - move target cursor, f/p - spark wasp
Aim: a spark wasp (heavily wounded)
The air twists around and violently strikes the spark wasp!
The spark wasp is severely wounded.
The spark wasp stings you!!
* * * LOW HITPOINT WARNING * * *
The spark wasp shocks you!
* * * LOW HITPOINT WARNING * * *
You block the spark wasp's attack.
A frost giant comes into view.
It is wielding a +2 battleaxe of freezing.
Blink to where?
Press: ? - help, Dir - move target cursor, p - spark wasp You are very lightly contaminated with residual magic.
As you read the scroll of blinking, it crumbles to dust.
The spark wasp bursts into living lightning!
The living lightning hits your ice dragon skeleton!!
The living lightning misses you. The living lightning hits you!
You die...

###################### #
###....@................
#.###.#....########''#######
........#..########..#######
.......##Z.##..............#
...........##.#≈≈#....#≈≈#.#
C......§y..##.≈≈≈≈....≈≈≈≈.#
...........##.≈≈≈≈....≈≈≈≈.#
>.......>.^##.#≈≈#....#≈≈#.#
...........##..............#


You could see a spark wasp and a friendly ice dragon skeleton.

Vanquished Creatures
  A sphinx (Depths:1)
  Gastronok (Lair:1)
  4 fire giants (D:15)
  5 ghost moths
  A frost giant (IceCv)
  5 emperor scorpions
  3 stone giants (Depths:1)
  3 entropy weavers
  A minotaur (Gauntlet)
  A dire elephant (Gauntlet)
  A rakshasa (Depths:1)
  A ghost crab (Gauntlet)
  A hydra (Lair:6)
  Harold (Lair:1)
  3 ice dragons
  8 two-headed ogres
  4 centaur warriors
  A merfolk avatar (Lair:6)
  A catoblepas (Lair:5)
  An ogre mage (Depths:1)
  3 death yaks (Lair:4)
  A queen ant (Lair:3)
  3 alligators (Lair:5)
  A deep troll earth mage (Depths:1)
  3 tengu warriors
  A vampire mage (D:15)
  5 orc high priests (Orc:2)
  A shadow wraith (D:14)
  A fire crab (shapeshifter) (D:12)
  4 fire crabs (Lair:3)
  3 unseen horrors
  A wizard (Gauntlet)
  8 orc knights
  A harpy (shapeshifter) (D:13)
  Pikel (D:5)
  5 ugly things
  15 orb spiders
  9 orc sorcerers
  2 moths of wrath (Spider:4)
  35 wolf spiders
  3 manticores
  9 cyclopes
  A deep elf mage (D:12)
  11 elephants
  A manticore (shapeshifter) (D:14)
  A black mamba (Lair:5)
  An ice statue (IceCv)
  A gargoyle (D:15)
  4 spiny frogs
  2 kobold demonologists
  2 torpor snails
  6 rime drakes
  7 komodo dragons
  10 demonic crawlers
  3 tengu conjurers
  3 meliai (Lair:5)
  31 jumping spiders
  A wind drake (Lair:6)
  A queen bee (Lair:5)
  5 trolls
  A harpy skeleton (D:15)
  5 slime creatures
  15 polar bears
  10 hornets
  Prince Ribbit (D:9)
  9 hippogriffs
  4 dream sheep (Lair:5)
  A blink frog (Lair:6)
  80 redbacks
  43 tarantellas
  3 wraiths
  A hog (shapeshifter) (D:12)
  A vampire (D:14)
  34 yaks
  5 wyverns
  2 basilisks
  3 hungry ghosts
  4 vampire mosquitoes
  4 wargs
  8 soldier ants (Lair:3)
  2 acid dragons
  2 swamp worms (Lair:5)
  3 porcupines
  A water moccasin (Lair:3)
  Duvessa (D:5)
  24 orc warriors
  A hornet zombie (D:9)
  4 ice beasts
  A slave (D:5)
  2 swamp drakes (Lair:5)
  2 black bears
  2 eyes of draining
  7 sky beasts
  18 ogres
  16 centaurs
  23 wolves
  4 phantoms
  15 crocodiles
  A big kobold (D:13)
  14 bullfrogs
  4 wyvern zombies
  Dowan (D:5)
  6 scorpions
  19 killer bees
  8 wights
  3 howler monkeys
  2 electric eels
  A bullfrog zombie (D:6)
  3 crimson imps
  A quasit (D:12)
  2 centaur zombies (D:12)
  3 jellies
  24 orc priests
  2 centaur skeletons
  8 hounds
  2 bullfrog skeletons
  An iron imp (D:6)
  2 iguanas
  28 orc wizards
  35 worker ants
  A hound zombie (D:7)
  3 hound skeletons
  A howler monkey zombie (D:4)
  A worker ant zombie (D:5)
  16 gnolls
  12 adders
  4 shadow imps
  A white imp (Gauntlet)
  2 oozes
  An adder zombie (D:6)
  4 worms
  2 dart slugs
  7 leopard geckos
  77 orcs
  2 ball pythons
  5 bats
  8 giant cockroaches
  9 goblins
  11 hobgoblins
  22 jackals
  4 quokkas
  4 frilled lizards
  2 goblin skeletons (D:6)
  A goblin zombie (D:6)
  A hobgoblin zombie (D:6)
  7 kobolds
  2 leopard gecko skeletons
  A leopard gecko zombie (D:5)
  An orc skeleton (D:6)
  A quokka skeleton (D:5)
  2 quokka zombies
  9 rats
  A plant (Lair:5)
1010 creatures vanquished.

Vanquished Creatures (collateral kills)
  A hydra (Lair:6)
  5 death yaks (Lair:4)
  A sea snake (Lair:6)
  An ugly thing (D:15)
  2 manticores (Lair:6)
  5 elephants
  A ball lightning (Spider:4)
  An ice statue (IceCv)
  3 komodo dragons (Lair:6)
  A rime drake (Lair:6)
  4 spiny frogs
  A troll (Orc:2)
  3 polar bears
  A raiju (shapeshifter) (Depths:1)
  A hornet (Lair:6)
  3 blink frogs (Lair:6)
  3 hippogriffs
  2 dream sheep (Lair:5)
  4 wyverns
  4 yaks
  A vampire mosquito (Lair:5)
  5 water moccasins
  5 porcupines
  An orc warrior (Orc:2)
  An ogre (Orc:2)
  4 wolves
  A crocodile (Lair:6)
  5 bullfrogs
  5 orcs (Orc:2)
  A fungus (Lair:5)
  A plant (Lair:6)
77 creatures vanquished.

Vanquished Creatures (others)
  A two-headed ogre (Depths:1)
  A cyclops (D:15)
  34 ball lightnings
  A jumping spider (Spider:2)
  4 centaurs
  A scorpion (D:5)
  An orc wizard (Orc:1)
  An orc (Orc:2)
  A frilled lizard (D:5)
  3 demonic plants (Gauntlet)
  3 fungi
  7 plants
  3 withered plants (Gauntlet)
61 creatures vanquished.

Grand Total: 1148 creatures vanquished

Notes
Turn   | Place    | Note
-------+----------+-------------------------------------------
     0 | D:1      | VLARC the Deep Elf Air Elementalist began the quest for the
                  | Orb.
     0 | D:1      | Reached XP level 1. HP: 10/10 MP: 6/6
   230 | D:1      | Reached XP level 2. HP: 16/16 MP: 4/8
   872 | D:2      | Reached XP level 3. HP: 20/20 MP: 7/10
   886 | D:2      | Reached skill level 1 in Fighting
  1122 | D:2      | Reached XP level 4. HP: 18/25 MP: 1/11
  1262 | D:2      | Reached skill level 4 in Spellcasting
  1538 | D:2      | Reached XP level 5. HP: 29/30 MP: 4/13
  2473 | D:3      | Learned a level 2 spell: Swiftness
  2478 | D:3      | Learned a level 4 spell: Airstrike
  2484 | D:3      | Learned a level 5 spell: Lightning Bolt
  2847 | D:4      | Reached XP level 6. HP: 35/35 MP: 11/15
  2915 | D:4      | Reached skill level 5 in Spellcasting
  3683 | D:4      | Found Hehat's Jewellery Emporium.
  3831 | D:4      | Reached XP level 7. HP: 40/40 MP: 9/17
  4526 | D:5      | Entered Level 5 of the Dungeon
  4557 | D:5      | Reached skill level 6 in Spellcasting
  4557 | D:5      | Reached skill level 5 in Air Magic
  4726 | D:5      | Noticed Pikel
  4751 | D:5      | Killed Pikel
  4751 | D:5      | Reached skill level 7 in Spellcasting
  4751 | D:5      | Reached skill level 5 in Conjurations
  4751 | D:5      | Reached XP level 8. HP: 42/48 MP: 11/20
  5213 | D:5      | Noticed Duvessa
  5215 | D:5      | Noticed Dowan
  5228 | D:5      | Killed Duvessa
  5239 | D:5      | Killed Dowan
  5395 | D:5      | Found Torifas's General Store.
  5401 | D:5      | Bought a +0 pair of gloves of strength for 115 gold pieces
  5784 | D:6      | Reached skill level 8 in Spellcasting
  5963 | D:6      | Found a glowing golden altar of the Shining One.
  5992 | D:6      | Reached XP level 9. HP: 46/52 MP: 13/23
  6349 | D:6      | Reached skill level 5 in Fighting
  6860 | D:6      | Reached skill level 9 in Spellcasting
  7461 | D:7      | Learned a level 2 spell: Poisonous Vapours
  7465 | D:7      | Learned a level 3 spell: Mephitic Cloud
  7481 | D:7      | Found a staircase to the Ecumenical Temple.
  7486 | Temple   | Entered the Ecumenical Temple
  7637 | Temple   | Became a worshipper of Vehumet
  8119 | D:7      | Reached skill level 1 in Poison Magic
  8320 | D:8      | Found a staircase to the Lair.
  8561 | D:8      | Found the +7 lajatang of Order {silver, rMut}
  9037 | D:9      | Reached XP level 10. HP: 60/60 MP: 25/25
  9039 | D:9      | Reached * piety under Vehumet
  9039 | D:9      | Offered knowledge of Magic Dart by Vehumet.
  9054 | D:9      | Reached skill level 1 in Shields
  9149 | D:9      | Noticed a two-headed ogre
  9195 | D:8      | Killed a two-headed ogre
  9195 | D:8      | Reached skill level 10 in Spellcasting
  9842 | D:9      | Noticed Prince Ribbit
  9855 | D:9      | Killed Prince Ribbit
 10269 | D:10     | Entered Level 10 of the Dungeon
 10630 | D:10     | Reached skill level 1 in Charms
 10728 | D:10     | Found a staircase to the Orcish Mines.
 10830 | D:10     | Found Hitiriyb's Distillery.
 10853 | D:10     | Reached skill level 1 in Evocations
 10992 | D:10     | Offered knowledge of Throw Flame by Vehumet.
 11008 | D:10     | Reached skill level 1 in Armour
 11052 | D:10     | Noticed a two-headed ogre
 11061 | D:10     | Killed a two-headed ogre
 11061 | D:10     | Reached ** piety under Vehumet
 11061 | D:10     | Reached skill level 11 in Spellcasting
 11061 | D:10     | Reached XP level 11. HP: 66/66 MP: 28/28
 12269 | D:12     | Offered knowledge of Ignite Poison by Vehumet.
 12278 | D:12     | Learned a level 4 spell: Olgreb's Toxic Radiance
 12282 | D:12     | Learned a level 3 spell: Ignite Poison
 12337 | D:12     | Noticed a deep elf mage
 12359 | D:12     | Killed a deep elf mage
 12463 | D:12     | Reached *** piety under Vehumet
 12840 | D:12     | Killed an unseen horror
 12983 | D:12     | Noticed a green ugly thing
 12997 | D:12     | Killed a green ugly thing
 13298 | D:11     | Noticed a two-headed ogre
 13303 | D:11     | Killed a two-headed ogre
 13409 | D:11     | Reached skill level 5 in Dodging
 13585 | D:11     | Offered knowledge of Iskenderun's Mystic Blast by Vehumet.
 13607 | D:11     | Noticed a two-headed ogre
 13631 | D:11     | Killed a two-headed ogre
 13998 | D:12     | Noticed a cyan ugly thing
 14034 | D:11     | Killed a cyan ugly thing
 14254 | D:12     | Noticed an orc knight
 14269 | D:12     | Killed an orc knight
 14269 | D:12     | Reached skill level 12 in Spellcasting
 14409 | D:12     | Noticed a fire crab
 14409 | D:12     | a meliai changed into a fire crab
 14412 | D:12     | Killed a fire crab
 14412 | D:12     | Reached skill level 5 in Evocations
 14412 | D:12     | Reached XP level 12. HP: 55/73 MP: 27/30
 15101 | D:12     | Learned a level 1 spell: Animate Skeleton
 15177 | D:13     | Found a frozen archway.
 15207 | IceCv    | Entered an ice cave
 15423 | IceCv    | Reached **** piety under Vehumet
 15499 | IceCv    | Offered knowledge of Yara's Violent Unravelling by Vehumet.
 15865 | IceCv    | Noticed a frost giant
 15874 | IceCv    | Killed a frost giant
 16061 | IceCv    | Reached skill level 5 in Armour
 16073 | IceCv    | Reached skill level 13 in Spellcasting
 16208 | D:13     | Noticed a centaur warrior
 16211 | D:13     | Killed a centaur warrior
 16220 | D:13     | Reached ***** piety under Vehumet
 16623 | D:13     | Offered knowledge of Sticky Flame by Vehumet.
 16657 | D:13     | Found a stormy altar of Qazlal.
 16910 | D:14     | Noticed a tengu warrior
 16915 | D:13     | Killed a tengu warrior
 16965 | D:14     | Reached XP level 13. HP: 79/79 MP: 12/32
 17389 | Orc:1    | Entered Level 1 of the Orcish Mines
 17706 | Orc:1    | You fall into a shaft and drop 1 floor!
 17706 | Orc:2    | Entered Level 2 of the Orcish Mines
 17795 | Orc:2    | Found a staircase to the Elven Halls.
 17874 | Orc:2    | Found a gate leading to a gauntlet.
 17889 | Gauntlet | Entered a Gauntlet
 17889 | Gauntlet | Found a large runed translucent door.
 17889 | Gauntlet | Found a large runed translucent door.
 17889 | Gauntlet | Found a large runed translucent door.
 17889 | Gauntlet | Found a large runed translucent door.
 17889 | Gauntlet | Found a large runed translucent door.
 17889 | Gauntlet | Found a large runed translucent door.
 17889 | Gauntlet | Found a large runed translucent door.
 17889 | Gauntlet | Found a large runed translucent door.
 17889 | Gauntlet | Found a runed translucent door.
 17889 | Gauntlet | Found a runed translucent gate.
 17889 | Gauntlet | Found a transporter.
 17889 | Gauntlet | Found a transporter.
 17889 | Gauntlet | Found a runed translucent gate.
 17889 | Gauntlet | Found a transporter.
 17893 | Gauntlet | Found a transporter.
 17893 | Gauntlet | Found a transporter.
 17893 | Gauntlet | Found a transporter.
 17897 | Gauntlet | Found a runed translucent gate.
 17897 | Gauntlet | Found a runed translucent door.
 17898 | Gauntlet | Found a large runed translucent door.
 17898 | Gauntlet | Found a large runed translucent door.
 17903 | Gauntlet | Found a transporter.
 17907 | Gauntlet | Found a transporter.
 17908 | Gauntlet | Found a transporter.
 17911 | Gauntlet | Found a transporter.
 17916 | Gauntlet | Noticed a dire elephant
 17917 | Gauntlet | Found a transporter.
 17917 | Gauntlet | Found a transporter.
 17990 | Gauntlet | Found a large runed translucent door.
 17990 | Gauntlet | Found a large runed translucent door.
 17991 | Gauntlet | Found a large runed translucent door.
 17991 | Gauntlet | Found a large runed translucent door.
 17992 | Gauntlet | Found a large runed translucent door.
 17992 | Gauntlet | Found a large runed translucent door.
 18506 | Gauntlet | Got a spiked cloak
 18519 | Gauntlet | Identified the +1 cloak of Dijeumos {rCorr Int+2 SInv
                  | Stlth+} (You found it in a Gauntlet)
 18543 | Gauntlet | Killed a dire elephant
 18592 | Gauntlet | Noticed a minotaur
 18602 | Gauntlet | Killed a minotaur
 18706 | Orc:2    | Reached skill level 14 in Spellcasting
 19467 | Orc:2    | Offered knowledge of Force Lance by Vehumet.
 19797 | Orc:2    | Reached skill level 10 in Dodging
 19798 | Orc:2    | Reached skill level 1 in Necromancy
 20141 | Orc:2    | Found Eloonuc's Magic Scroll Shoppe.
 20141 | Orc:2    | Found Qir Hedi's Book Shop.
 20152 | Orc:2    | Found Muge's Book Shoppe.
 20152 | Orc:2    | Found Faguem's Distillery.
 20158 | Orc:2    | Bought a scroll of amnesia for 45 gold pieces
 20158 | Orc:2    | Bought a scroll of blinking for 97 gold pieces
 20158 | Orc:2    | Bought a scroll of blinking for 97 gold pieces
 20307 | Orc:2    | Reached XP level 14. HP: 87/87 MP: 34/34
 20574 | Lair:1   | Entered Level 1 of the Lair of Beasts
 20958 | Lair:1   | Noticed Harold
 20963 | Lair:1   | Killed Harold
 21040 | Lair:1   | Noticed Gastronok
 21057 | Lair:1   | Killed Gastronok
 21605 | Lair:2   | Reached skill level 10 in Fighting
 21697 | Lair:2   | Reached skill level 15 in Spellcasting
 22382 | Lair:3   | Reached skill level 10 in Evocations
 22418 | Lair:3   | Found a runed translucent door.
 22921 | Lair:3   | Offered knowledge of Bolt of Fire by Vehumet.
 22935 | Lair:3   | Noticed an entropy weaver
 23032 | Lair:3   | Learned a level 3 spell: Regeneration
 23097 | Lair:3   | Found a hole to the Spider Nest.
 23421 | Lair:3   | Killed an entropy weaver
 23753 | Lair:3   | Noticed an entropy weaver
 23764 | Lair:3   | Killed an entropy weaver
 24213 | Lair:4   | Reached skill level 5 in Stealth
 24400 | Lair:4   | Found a staircase to the Shoals.
 25191 | Lair:5   | Reached XP level 15. HP: 64/96 MP: 21/36
 25239 | Lair:5   | Offered knowledge of Ozocubu's Refrigeration by Vehumet.
 25241 | Lair:5   | Reached skill level 5 in Poison Magic
 26632 | Lair:6   | Entered Level 6 of the Lair of Beasts
 27042 | Lair:6   | Found a staircase to the Slime Pits.
 27045 | Lair:6   | Found a runed translucent door.
 27046 | Lair:6   | Found a shimmering altar of Xom.
 27046 | Lair:6   | Noticed Sassenached's ghost (journeyman DrWn)
 27073 | Lair:6   | Offered knowledge of Freezing Cloud by Vehumet.
 27112 | Lair:6   | Learned a level 6 spell: Freezing Cloud
 27242 | Lair:6   | Identified the Almanac of Dusty Poisoning
 27686 | Spider:1 | Entered Level 1 of the Spider Nest
 27784 | Spider:1 | Reached skill level 1 in Ice Magic
 28541 | Spider:1 | Reached skill level 10 in Stealth
 30133 | Spider:2 | Offered knowledge of Conjure Ball Lightning by Vehumet.
 30223 | Spider:2 | Learned a level 6 spell: Conjure Ball Lightning
 30254 | Spider:2 | Reached XP level 16. HP: 89/104 MP: 22/37
 30707 | Spider:2 | Reached skill level 5 in Ice Magic
 33389 | Spider:4 | Entered Level 4 of the Spider Nest
 33499 | Spider:4 | Reached ****** piety under Vehumet
 34460 | Spider:4 | Offered knowledge of Bolt of Cold by Vehumet.
 37003 | Spider:4 | Got a gossamer rune of Zot
 37403 | D:14     | Reached XP level 17. HP: 110/110 MP: 38/38
 38072 | D:14     | Got a heavily runed ring mail
 38082 | D:14     | Identified the +4 ring mail "Toloxiol" {MR++} (You found it
                  | on level 14 of the Dungeon)
 38413 | D:14     | Found a gate to the Vaults.
 38645 | D:15     | Entered Level 15 of the Dungeon
 38647 | D:15     | Found a staircase to the Depths.
 39355 | D:15     | Offered knowledge of Lehudib's Crystal Spear by Vehumet.
 39355 | D:15     | Offered knowledge of Chain Lightning by Vehumet.
 39355 | D:15     | Offered knowledge of Ignition by Vehumet.
 39582 | D:15     | Found a portal to a secret trove of treasure.
 39762 | Depths:1 | Entered Level 1 of the Depths
 40871 | Depths:1 | Paralysed by a sphinx for 4 turns
 41687 | Depths:1 | Killed from afar by a spark wasp

Levels and vault maps discovered:
D:1:      lemuel_arrival_room, layout_basic
D:2:      layout_rooms, minmay_heptomino_l4
D:3:      layout_basic, first_ration
D:4:      layout_layer_cave, serial_shops, shop
D:5:      layout_loops_ring, serial_shops, shop_statue, uniq_pikel, uniq_duvessa
D:6:      layout_basic, nicolae_tso_besieged_by_evil
D:7:      layout_basic, temple_doors_cd, serial_co_window_serial,
          co_window_paths_a, co_window_paths_b, co_window_of_opportunity_a,
          co_window_of_opportunity_a, co_window_corner_a, co_window_2corner,
          co_window_of_opportunity_c, co_window_unsneaky_path_a,
          co_window_broadway_b, co_window_broadway_b, co_window_paths_d,
          glass_columns_a, glass_columns_b, glass_columns_c, glass_columns_c
D:8:      layout_basic, lair_entry_dummy
D:9:      layout_big_octagon, uniq_prince_ribbit1
D:10:     minmay_goldmine, layout_loops_ring, orc_0_dummy, serial_shops, shop
D:11:     layout_cave_pods
D:12:     minmay_mutant_horseshoe, layout_irregular_city
D:13:     layout_cave_pools, basic_altar, portal_ice_cave_entry_pillars_1
D:14:     layout_cave_pools, david_vaults_4
D:15:     grunt_enter_depths_giant_problem, layout_loops_ring,
          minmay_misc_feat_rugged, enter_trove_6, minmay_crystal_water
Temple:   roderic_octagonal_lattice_temple
Lair:1:   layout_misc_corridors, grunt_forest_stairs_basic, uniq_gastronok,
          uniq_harold
Lair:2:   layout_regular_city, grunt_megastairs_3
Lair:3:   gammafunk_mikee_crab_dinner, layout_big_grid,
          spider_nest_entry_funnel_web, zaba_antful_of_joy
Lair:4:   layout_loops_ring, minmay_shoals_entry_centaurs,
          chequers_serial_rivers_small_b, beast_lair_carwin_10,
          lemuel_fruit_tree, serial_bayou_shore_b, infiniplex_staircase_pool
Lair:5:   onia_ninara_swampy_vault, layout_small_grid, special_room
          [special_room_bee], beast_lair_carwin_6
Lair:6:   gammafunk_lair_ancient_temple, layout_regular_city, slime_dummy,
          ebering_ghost_xom
Spider:1: layout_chambers
Spider:2: layout_spider_delve
Spider:3: layout_spider_delve
Spider:4: grunt_spider_rune_island, drop_trap, hangedman_spider_mandibles
Orc:1:    layout_caves, nicolae_orc_flooded_monolith
Orc:2:    grunt_orc_tribal_feast, layout_diamond_mine, gauntlet_entry_generic
Depths:1: layout_cave_pools, grunt_hell_entry_demonic_statue,
          minmay_misc_feat_cross, dk_noncrumbling_2, kennysheep_dice

Skill      XL: |  1  2  3  4  5  6  7  8  9 10 11 12 13 14 15 16 17 |
---------------+----------------------------------------------------+-----
Fighting       | 1 2 3 4 5 6 7 8 9 12 13 14 | 14.0
Conjurations   | 2 3 4 5 6 7 8 9 |  9.9
Spellcasting   | 4 5 7 8 9 11 12 13 14 15 | 15.0
Air Magic      | 4 5 6 7 8 9 |  9.7
Poison Magic   | 2 4 8 |  8.0
Shields        | 3 4 |  4.0
Charms         | 2 4 |  4.1
Evocations     | 1 5 7 9 10 11 | 11.3
Dodging        | 3 6 8 10 11 | 11.5
Armour         | 1 3 5 6 |  6.0
Necromancy     | 2 4 |  4.0
Stealth        | 6 10 12 13 | 13.4
Ice Magic      | 4 8 |  8.0

Action                   |  1- 3 |  4- 6 |  7- 9 | 10-12 | 13-15 | 16-18 || total
-------------------------+-------+-------+-------+-------+-------+-------++-------
Melee: Spear             |    14 |     9 |    34 |       |       |       ||    57
       Short sword       |       |       |    71 |       |       |       ||    71
       Staff             |       |       |       |   111 |   168 |    63 ||   342
 Cast: Shock             |    57 |   177 |   286 |    77 |    81 |    11 ||   689
       Airstrike         |       |     3 |     8 |    84 |    57 |   114 ||   266
       Poisonous Vapours |       |       |    17 |   323 |   429 |   231 ||  1000
       Swiftness         |       |       |       |     3 |     2 |     4 ||     9
       Ignite Poison     |       |       |       |    23 |   142 |    74 ||   239
       Mephitic Cloud    |       |       |       |     8 |     6 |     2 ||    16
       Olgreb's Toxic Ra |       |       |       |    16 |    85 |    45 ||   146
       Animate Skeleton  |       |       |       |    24 |   119 |    11 ||   154
       Lightning Bolt    |       |       |       |       |    28 |    68 ||    96
       Freezing Cloud    |       |       |       |       |     3 |     8 ||    11
       Conjure Ball Ligh |       |       |       |       |     1 |    20 ||    21
       Regeneration      |       |       |       |       |     1 |     3 ||     4
Evoke: Wand              |       |       |       |       |     1 |    11 ||    12
       Lightning rod     |       |       |       |       |       |     4 ||     4
  Use: Scroll            |       |       |    17 |    10 |     6 |    10 ||    43
       Potion            |       |       |       |       |     1 |     3 ||     4
 Stab: Sleeping          |       |       |     1 |       |       |       ||     1
       Distracted        |       |       |       |       |     1 |       ||     1
  Eat: Chunk             |       |     9 |    13 |    21 |    31 |    10 ||    84
       Ration            |       |       |     1 |     1 |     3 |     9 ||    14
Armor: Robe              |    11 |     1 |    27 |     3 |       |       ||    42
       Leather armour    |       |       |       |    58 |    65 |    94 ||   217
Dodge: Dodged            |    22 |    14 |   130 |   295 |   395 |   461 ||  1317
Block: Buckler           |       |       |    31 |   145 |   154 |   214 ||   544
       Reflection        |       |       |       |    13 |     7 |     7 ||    27
       Shield            |       |       |       |       |   124 |       ||   124
